 Dungeon Crawl Stone Soup version 0.29.1-debian-1-gc3f1650bb9 (webtiles) character file.

Game seed: 13432534497992032620

4918 Newt the Covert (level 10, 0/76 HPs)
             Began as a Demonspawn Gladiator on Sept 12, 2022.
             Was a Follower of Dithmenos.
             Slain by Harold
             ... wielding a +0 trident
              (16 damage)
             ... on level 9 of the Dungeon.
             The game lasted 00:18:37 (14888 turns).

Newt the Covert (Demonspawn Gladiator)             Turns: 14888, Time: 00:18:38

Health: 0/76       AC:  3    Str: 14    XL:     10   Next: 27%
Magic:  10/10      EV: 14    Int: 11    God:    Dithmenos [*.....]
Gold:   561        SH:  7    Dex: 26    Spells: 9/9 levels left

rFire   . . .      SeeInvis .   K - +0 dagger (venom)
rCold   . . .      Faith    .   i - +1 buckler
rNeg    . . .      Spirit   .   b - +0 leather armour
rPois   +          Reflect  .   (helmet unavailable)
rElec   .          Harm     .   (no cloak)
rCorr   .          Rampage  .   (no gloves)
Will    .....                   (no boots)
Stlth   ++++++....              (no amulet)
HPRegen 0.22/turn               N - +6 ring of dexterity
MPRegen 0.12/turn               z - ring of poison resistance

@: wreathed by umbra, unable to drink
A: horns 3, thin skeletal structure 1, powered by death 2, mutation resistance
1, inability to drink after injury 1
a: Renounce Religion


You were on level 9 of the Dungeon.
You worshipped Dithmenos.
Dithmenos was aware of your devotion.
You visited 2 branches of the dungeon, and saw 10 of its levels.

You collected 561 gold pieces.

Inventory:

Hand Weapons
 a - a +0 rapier
 e - a +2 hand axe of venom
 C - a +2 short sword of draining
 F - a +2 dagger
 K - a +0 dagger of venom (weapon)
Missiles
 l - 9 poisoned darts
 q - 3 boomerangs (quivered)
 I - a javelin
Armour
 b - a +0 leather armour (worn)
 c - a +0 helmet
 i - a +1 buckler (worn)
 J - a +2 chain mail of fire resistance
 L - a +0 kite shield
Jewellery
 k - a ring of resist corrosion
 o - a ring of resist corrosion
 z - a ring of poison resistance (right hand)
 A - a ring of protection from cold
 G - a ring of fire
 N - a +6 ring of dexterity (left hand)
Wands
 m - a wand of paralysis (6)
 y - a wand of flame (16)
 H - a wand of iceblast (6)
Scrolls
 j - a scroll of blinking
 p - 2 scrolls of summoning
 s - a scroll of noise
 t - a scroll of poison
 v - a scroll of magic mapping
 w - 4 scrolls of teleportation
 D - a scroll of brand weapon
 O - a scroll of enchant armour
Potions
 f - a potion of flight
 g - a potion of might
 h - a potion of heal wounds
 n - 2 potions of brilliance
 r - 3 potions of degeneration {unknown}
 u - 5 potions of curing {unknown}
 x - a potion of ambrosia {unknown}
 B - 2 potions of attraction {unknown}
 E - a potion of haste {unknown}
 M - a potion of magic {unknown}


   Skills:
 - Level 6.0 Fighting
 - Level 6.0 Short Blades
 - Level 4.0 Throwing
 - Level 3.0 Armour
 - Level 4.0 Dodging
 - Level 8.0 Stealth
 - Level 4.0 Shields
 + Level 6.2 Evocations


You had 9 spell levels left.
You didn't know any spells.
Your spell library contained the following spells:

 Spells                   Type           Power      Damage    Failure   Level
 Ignite Poison            Fire/Tmut/Pois 0%         N/A       86%         3
 Inner Flame              Hex/Fire       0%         N/A       86%         3
 Mephitic Cloud           Conj/Pois/Air  0%         N/A       86%         3
 Cause Fear               Hex            0%         N/A       99%         4
 Petrify                  Tmut/Erth      0%         N/A       99%         4
 Freezing Cloud           Conj/Ice/Air   0%         6-21      100%        5
 Metabolic Englaciation   Hex/Ice        0%         N/A       100%        5
 Statue Form              Tmut/Erth      0%         N/A       100%        6
 Discord                  Hex            0%         N/A       100%        8


Dungeon Overview and Level Annotations

Branches:
Dungeon (9/15)             Temple (1/1) D:7
   Lair: D:8-11         Orc: D:9-12

Altars:
Ashenzari
Cheibriados
Dithmenos
Fedhas
Gozag
Hepliaklqana
Kikubaaqudgha
Makhleb
Nemelex Xobeh
Okawaru
Qazlal
Ru
Sif Muna
Trog
Uskayaw
Vehumet
Wu Jian
Xom
Yredelemnul

Shops:
D:5 (

Annotations:
D:9 Harold


Innate Abilities, Weirdness & Mutations

You have a pair of large horns on your head.
You have a somewhat thin skeletal structure. (Dex +2, Stealth+)
You regenerate health from kills.
You are somewhat resistant to further mutation.
You occasionally lose the ability to drink potions when taking damage.


Message History

Harold is lightly wounded.
You block Harold's attack.
You hit Harold but do no damage. You headbutt Harold!
Harold is moderately wounded.
Harold yells, "I don't have all day!"
Harold hits you with a +0 trident!!
You barely miss Harold. You headbutt Harold.
Harold is moderately wounded.
You hit Harold.
Harold is moderately wounded.
Harold drinks a potion.
Harold seems to grow stronger.
You hit Harold but do no damage.
Harold looks as sick as possible!
You headbutt Harold, but do no damage.
Harold is moderately wounded.
Harold barely misses you.
You hit Harold.
Harold looks as sick as possible!
You headbutt Harold.
Harold is heavily wounded.
Harold completely misses you.
You hit Harold but do no damage.
Harold looks as sick as possible!
Your headbutt misses Harold.
Harold is heavily wounded.
You hit Harold but do no damage.
Harold looks as sick as possible!
You headbutt Harold, but do no damage.
Harold is heavily wounded.
Harold says, "Do you have any idea what people are willing to pay to have you killed, Newt?"
Harold hits you with a +0 trident!!
You feel threatened and lose the ability to drink potions!
* * * LOW HITPOINT WARNING * * *
Throw: throwing net
Press: ? - help, Shift-Dir - straight line, f/p - Harold
Aim: Harold, wielding a +0 trident, wearing a +0 scale mail and quivering 2 throwing nets (heavily wounded, strong, extremely poisoned, umbra, 78% to hit)
You throw a throwing net. The throwing net barely misses Harold.
You block Harold's attack.
Unknown command.
Aiming: Paralyse
Press: ? - help, Q - select action, (/) - cycle Shift-Dir - straight line, f/p - Harold
Aim: Harold, wielding a +0 trident, wearing a +0 scale mail and quivering 2 throwing nets (heavily wounded, strong, extremely poisoned, umbra, chance to affect: 29%) Harold easily resists.
Harold hits you with a +0 trident!
You die...

.######.........#
................####..
########.)............
#.<.....†......
#........#####.
#........# #........#
#........# #...@....#
#...@....# #........#
#........# #........#
#........# #(.......#
#...(....#


You could see Harold (strong, extremely poisoned).

Vanquished Creatures
  Pikel (D:9)
  Joseph (D:7)
  Sigmund (D:6)
  6 yaks (D:8)
  2 steam dragons (D:8)
  A water moccasin (D:7)
  An orc warrior (D:6)
  2 ice beasts
  2 ogres (D:5)
  3 sky beasts
  A centaur (D:5)
  2 lemures (D:9)
  2 kobold brigands
  4 bullfrogs
  2 scorpions
  8 wights
  A howler monkey (D:9)
  An electric eel (D:6)
  4 hounds
  3 jellies
  2 gnoll boudas
  3 orc priests
  3 iguanas
  7 orc wizards
  10 gnolls
  8 adders
  A shadow imp (D:6)
  A white imp (D:5)
  An ufetubus (D:6)
  4 worms
  4 dart slugs
  33 orcs
  18 endoplasms
  3 giant cockroaches
  12 goblins
  14 hobgoblins
  6 jackals
  4 quokkas
  9 ball pythons
  4 bats
  A frilled lizard (D:3)
  19 kobolds
  4 rats
219 creatures vanquished.

Notes
Turn   | Place    | Note
-------+----------+-------------------------------------------
     0 | D:1      | Newt the Demonspawn Gladiator began the quest for the Orb.
     0 | D:1      | Reached XP level 1. HP: 16/16 MP: 1/1
   113 | D:1      | Reached skill level 1 in Stealth
   302 | D:1      | Gained mutation: You have a somewhat thin skeletal
                  | structure. (Dex +2, Stealth+) [demonic ancestry]
   302 | D:1      | Reached XP level 2. HP: 19/22 MP: 2/2
   513 | D:1      | Reached skill level 2 in Stealth
   590 | D:1      | Found a faded altar of an unknown god.
   928 | D:2      | Gained mutation: You regenerate a little health from kills.
                  | [demonic ancestry]
   928 | D:2      | Reached XP level 3. HP: 22/27 MP: 3/3
   996 | D:2      | Gained mutation: Your spells are a little easier to cast,
                  | but a little less powerful. [potion of mutation]
   996 | D:2      | Gained mutation: Your flesh is heat resistant. (rF+)
                  | [potion of mutation]
  1123 | D:2      | Reached skill level 3 in Stealth
  1787 | D:2      | Reached XP level 4. HP: 30/34 MP: 4/4
  3149 | D:4      | Gained mutation: You have a pair of small horns on your
                  | head. [demonic ancestry]
  3149 | D:4      | Reached XP level 5. HP: 40/42 MP: 5/5
  4122 | D:4      | Gained mutation: You have a pair of horns on your head.
                  | [demonic ancestry]
  4122 | D:4      | Reached XP level 6. HP: 28/48 MP: 6/6
  4775 | D:4      | Reached skill level 5 in Short Blades
  5203 | D:5      | Entered Level 5 of the Dungeon
  5540 | D:5      | Found Leos's Weapon Shoppe.
  5647 | D:4      | Gained mutation: You have a pair of large horns on your
                  | head. [demonic ancestry]
  5647 | D:4      | Reached XP level 7. HP: 19/54 MP: 7/7
  6614 | D:5      | Reached skill level 1 in Shields
  6781 | D:5      | Lost mutation: Your flesh is heat resistant. (rF+) [potion
                  | of mutation]
  6781 | D:5      | Lost mutation: Your spells are a little easier to cast, but
                  | a little less powerful. [potion of mutation]
  6781 | D:5      | Gained mutation: Your body sometimes deteriorates upon
                  | taking damage. [potion of mutation]
  6782 | D:5      | Lost mutation: Your body sometimes deteriorates upon taking
                  | damage. [potion of mutation]
  6782 | D:5      | Gained mutation: You occasionally lose the ability to drink
                  | potions when taking damage. [potion of mutation]
  6782 | D:5      | Gained mutation: You are somewhat resistant to further
                  | mutation. [potion of mutation]
  7033 | D:6      | Reached XP level 8. HP: 60/60 MP: 8/8
  7690 | D:6      | Reached skill level 1 in Armour
  8040 | D:6      | Noticed Sigmund
  8042 | D:6      | Killed Sigmund
  9570 | D:7      | Reached skill level 5 in Evocations
 10257 | D:7      | Reached skill level 4 in Stealth
 10257 | D:7      | Reached XP level 9. HP: 47/60 MP: 9/9
 10313 | D:7      | Noticed Joseph
 10813 | D:7      | HP: 2/55 [wight/+3 trident (7)]
 12037 | D:7      | Killed Joseph
 12038 | D:7      | Reached skill level 5 in Stealth
 12313 | D:7      | Reached skill level 6 in Stealth
 12432 | D:7      | Found a staircase to the Ecumenical Temple.
 12769 | Temple   | Entered the Ecumenical Temple
 12919 | Temple   | Became a worshipper of Dithmenos the Shadowed
 12997 | D:7      | Found an iron altar of Okawaru.
 12997 | D:7      | Found a sacrificial altar of Ru.
 13000 | D:7      | Found a sparkling altar of Nemelex Xobeh.
 13517 | D:8      | Reached skill level 7 in Stealth
 14144 | D:8      | Reached skill level 8 in Stealth
 14280 | D:8      | Reached * piety under Dithmenos
 14293 | D:8      | Reached skill level 5 in Fighting
 14293 | D:8      | Gained mutation: You regenerate health from kills. [demonic
                  | ancestry]
 14293 | D:8      | Reached XP level 10. HP: 36/74 MP: 10/10
 14697 | D:9      | Noticed Pikel
 14724 | D:9      | Killed Pikel
 14873 | D:9      | Noticed Harold
 14888 | D:9      | Slain by Harold

Illustrated notes

Levels and vault maps discovered:
D:1:      shiori_arrival_oz, layout_basic, ebering_ecumenical_altar_webs
D:2:      cheibrodos_greedy_goblins, layout_basic, nicolae_hexahallways,
          minmay_misc_feat_secret_circle, minmay_liquid_box, minmay_tetromino_l4
D:3:      layout_loops_ring, minivault_27, grunt_decor_cap,
          minmay_misc_feat_square
D:4:      layout_loops_corners, minmay_bent
D:5:      layout_cave_pools, serial_shops, nicolae_shop_trees
D:6:      layout_cave_pods, mainiacjoe_overflow_boulevard, grunt_ministairs_13,
          minivault_14, uniq_sigmund
D:7:      layout_cave_pools, grunt_temple_overflow_open,
          minmay_temple_entry_arrows, hangedman_decor_opposing,
          nicolae_eternal_life, uniq_joseph
D:8:      layout_basic, grunt_decor_junction
D:9:      layout_long_grid, serial_shops, shop, moated_statue, uniq_harold,
          uniq_maggie, uniq_pikel
Temple:   nicolae_temple_bog_church

Skill      XL: |  1  2  3  4  5  6  7  8  9 10 |
---------------+-------------------------------+-----
Stealth        | 1 2 3 4 8 |  8.0
Fighting       | 4 5 6 |  6.0
Short Blades   | 3 4 5 6 |  6.0
Dodging        | 4 |  4.0
Shields        | 3 4 |  4.0
Armour         | 3 |  3.0
Evocations     | 5 6 |  6.2
Throwing       | 4 |  4.0

Action                   |  1- 3 |  4- 6 |  7- 9 | 10-12 || total
-------------------------+-------+-------+-------+-------++-------
Melee: Rapier            |   133 |   262 |       |       ||   395
       Headbutt          |       |    42 |    74 |    21 ||   137
       Short sword       |       |       |   207 |       ||   207
       Dagger            |       |       |   112 |    48 ||   160
Throw: Javelin           |       |     3 |     3 |       ||     6
       Throwing net      |       |     2 |     5 |     2 ||     9
       Dart              |       |     3 |       |     2 ||     5
       Boomerang         |       |     2 |     5 |       ||     7
Evoke: Wand              |       |       |     4 |     4 ||     8
  Use: Scroll            |     1 |     5 |     8 |       ||    14
       Potion            |     1 |     1 |     2 |       ||     4
 Stab: Sleeping          |     9 |    10 |    14 |       ||    33
       Distracted        |     1 |     1 |       |       ||     2
       Held in net/web   |       |     1 |     2 |     1 ||     4
       Paralysed         |       |       |       |     1 ||     1
Armor: Leather armour    |    27 |    36 |    24 |     2 ||    89
Dodge: Dodged            |    72 |   122 |   134 |    17 ||   345
Block: Buckler           |    16 |    44 |    72 |     9 ||   141
